General information
- name: BNet
- type: Ladder team game (AT/RT)
- host: Battle.net
- saver: D3EndingIsSh1t
map: GoldRush
- players: 8
- length: 40:50
- speed: Fast
- version: 1.26 W3XP
- replay type: Public
» download(260 KB)
Players
team 1 (loser)

»
Jesus_Loves_You (
blue | 66 APM | 2571 actions | 38:46)
7 Blademaster
3 Wind Walk
3 Critical Strike
1 Bladestorm
4 Shadow Hunter
2 Healing Wave
2 Hex
4 Tauren Chieftain
2 War Stomp
2 Endurance Aura
» actions
| Assign group hotkey | 30 | |
| Build / train | 183 | |
| Enter build submenu | 45 | |
| Enter hero's abilities submenu | 15 | |
| Give item / drop item | 6 | |
| Remove unit from queue | 2 | |
| Right click | 566 | |
| Select / deselect | 383 | |
| Select group hotkey | 1081 | |
| Use ability | 260 | |
2571 total
» units
| Peon | 37 | |
| Troll Headhunter/Berserker | 16 | |
| Shaman | 11 | |
| Troll Witch Doctor | 8 | |
72 total
» upgrades
| Troll Regeneration | 1 | |
| Spiked Barricades | 3 | |
| Ranged Weapons | 3 | |
| Armor | 3 | |
| Shaman Training | 2 | |
| Witch Doctor Training | 2 | |
| Berserker Upgrade | 1 | |
| Reinforced Defenses | 1 | |
16 total
» buildings
| Orc Burrow | 12 | |
| War Mill | 3 | |
| Altar of Storms | 2 | |
| Voodoo Lounge | 4 | |
| Watch Tower | 12 | |
| Stronghold | 1 | |
| Barracks | 5 | |
| Great Hall | 6 | |
| Fortress | 2 | |
| Spirit Lodge | 3 | |
50 total
» build order
00:18 Orc Burrow
00:58 War Mill
01:27 Altar of Storms
01:58 Orc Burrow
02:07 Voodoo Lounge
02:43 Watch Tower
02:48 Watch Tower
03:01 Orc Burrow
03:26 Watch Tower
03:43 Voodoo Lounge
03:54 Watch Tower
04:38 Watch Tower
04:54 Watch Tower
05:37 Watch Tower
05:53 Stronghold
06:20 Barracks
06:21 Barracks
07:20 Great Hall
08:27 Great Hall
10:43 Great Hall
11:03 Great Hall
11:17 Fortress
11:18 Fortress
12:19 Spirit Lodge
12:20 Spirit Lodge
12:22 Orc Burrow
14:33 War Mill
16:58 Voodoo Lounge
17:00 Voodoo Lounge
17:03 Orc Burrow
17:05 Spirit Lodge
17:07 Barracks
23:30 War Mill
27:47 Orc Burrow
31:55 Great Hall
32:10 Watch Tower
32:10 Watch Tower
32:11 Watch Tower
35:00 Watch Tower
35:01 Watch Tower
36:29 Great Hall
36:35 Altar of Storms
36:38 Barracks
36:38 Barracks
36:41 Orc Burrow
36:41 Orc Burrow
36:43 Orc Burrow
38:04 Orc Burrow
38:07 Orc Burrow
38:26 Orc Burrow
» items
| Healing Salve | 7 | |
| Lesser Clarity Potion | 10 | |
| Scroll of Speed | 2 | |
| Scroll of Town Portal | 13 | |
| Potion of Lesser Invulnerability | 4 | |
| Scroll of Healing | 7 | |
| Potion of Healing | 9 | |
| Potion of Mana | 6 | |
| Orb of Lightning | 4 | |
| Scroll of Protection | 1 | |
| Orb of Fire | 1 | |
64 total
aesa (
teal | 31 APM | 1265 actions | 40:49)
7 Blood Mage
3 Flame Strike
2 Banish
1 Summon Phoenix
1 Siphon Mana
» actions
| Assign group hotkey | 32 | |
| Basic commands | 48 | |
| Build / train | 111 | |
| Enter build submenu | 25 | |
| Enter hero's abilities submenu | 7 | |
| Give item / drop item | 2 | |
| Right click | 259 | |
| Select / deselect | 421 | |
| Select group hotkey | 284 | |
| Use ability | 76 | |
1265 total
» units
| Peasant | 13 | |
| Footman | 1 | |
| Rifleman | 11 | |
| Mortar Team | 2 | |
| Dragonhawk Rider | 11 | |
| Spell Breaker | 2 | |
| Priest | 4 | |
| Sorceress | 4 | |
| Knight | 2 | |
| Siege Engine | 11 | |
| Gryphon Rider | 2 | |
| Flying Machine | 11 | |
74 total
» upgrades
| Masonry | 2 | |
| Gunpowder | 3 | |
| Long Rifles | 2 | |
| Lumber Harvesting | 1 | |
| Swords | 1 | |
| Plating | 3 | |
| Animal War Training | 1 | |
| Barrage | 1 | |
| Storm Hammers | 1 | |
| Control Magic | 1 | |
| Priest Training | 1 | |
| Sorceress Training | 1 | |
| Fragmentation Shards | 1 | |
| Flak Cannons | 1 | |
| Flying Machine Bombs | 1 | |
| Magic Sentry | 1 | |
22 total
» buildings
| Altar of Kings | 1 | |
| Barracks | 1 | |
| Farm | 12 | |
| Lumber Mill | 1 | |
| Blacksmith | 1 | |
| Arcane Vault | 1 | |
| Keep | 1 | |
| Scout Tower | 3 | |
| Guard Tower | 2 | |
| Workshop | 2 | |
| Arcane Sanctum | 1 | |
| Gryphon Aviary | 1 | |
| Castle | 1 | |
| Town Hall | 3 | |
31 total
» build order
00:04 Altar of Kings
00:08 Barracks
00:22 Farm
01:05 Lumber Mill
01:52 Blacksmith
02:05 Farm
02:37 Farm
02:58 Arcane Vault
03:10 Farm
04:43 Keep
05:01 Scout Tower
05:03 Scout Tower
06:04 Guard Tower
06:08 Scout Tower
06:52 Guard Tower
07:26 Workshop
08:10 Farm
08:11 Farm
08:40 Farm
10:07 Arcane Sanctum
10:10 Gryphon Aviary
10:58 Farm
11:02 Castle
14:17 Farm
14:18 Farm
15:39 Farm
16:25 Farm
18:31 Town Hall
30:23 Workshop
33:27 Town Hall
34:54 Town Hall
» items
| Scroll of Town Portal | 2 | |
| Potion of Healing | 1 | |
3 total

»
LaxusLive (
orange | 48 APM | 1822 actions | 38:02)
6 Death Knight
2 Death Coil
3 Unholy Aura
1 Animate Dead
» actions
| Basic commands | 200 | |
| Build / train | 73 | |
| Enter build submenu | 21 | |
| Enter hero's abilities submenu | 7 | |
| Give item / drop item | 2 | |
| Remove unit from queue | 7 | |
| Right click | 1213 | |
| Select / deselect | 263 | |
| Use ability | 35 | |
1822 total
» units
| Acolyte | 8 | |
| Ghoul | 8 | |
| Crypt Fiend | 7 | |
| Frost Wyrm | 13 | |
36 total
» upgrades
| Creature Attack | 3 | |
| Web | 1 | |
| Creature Carapace | 3 | |
| Ghoul Frenzy | 1 | |
| Freezing Breath | 1 | |
9 total
» buildings
| Ziggurat | 8 | |
| Altar of Darkness | 2 | |
| Crypt | 1 | |
| Graveyard | 2 | |
| Tomb of Relics | 1 | |
| Halls of the Dead | 1 | |
| Necropolis | 1 | |
| Black Citadel | 1 | |
| Sacrificial Pit | 1 | |
| Nerubian Tower | 1 | |
| Spirit Tower | 1 | |
| Boneyard | 2 | |
22 total
» build order
00:07 Ziggurat
00:12 Altar of Darkness
00:16 Crypt
01:04 Graveyard
03:02 Ziggurat
03:05 Ziggurat
03:27 Tomb of Relics
03:42 Halls of the Dead
05:20 Necropolis
07:06 Ziggurat
08:32 Ziggurat
08:40 Black Citadel
08:56 Sacrificial Pit
10:43 Nerubian Tower
10:46 Spirit Tower
11:07 Boneyard
11:22 Boneyard
12:04 Graveyard
12:11 Ziggurat
15:01 Ziggurat
15:03 Ziggurat
28:01 Altar of Darkness
» items
| Sacrificial Skull | 1 | |
| Orb of Corruption | 1 | |
| Scroll of Healing | 4 | |
| Potion of Healing | 1 | |
| Rod of Necromancy | 1 | |
| Scroll of Town Portal | 1 | |
| Potion of Mana | 1 | |
10 total

»
XDIVISIONX (
green | 89 APM | 2936 actions | 33:00)
5 Blademaster
3 Wind Walk
2 Critical Strike
5 Tauren Chieftain
2 War Stomp
3 Endurance Aura
» actions
| Assign group hotkey | 38 | |
| Basic commands | 49 | |
| Build / train | 124 | |
| ESC pressed | 20 | |
| Enter build submenu | 46 | |
| Enter hero's abilities submenu | 11 | |
| Give item / drop item | 2 | |
| Right click | 1577 | |
| Select / deselect | 438 | |
| Select group hotkey | 456 | |
| Use ability | 175 | |
2936 total
» units
| Peon | 18 | |
| Wind Rider | 20 | |
| Grunt | 11 | |
| Tauren | 1 | |
| Shaman | 5 | |
| Troll Batrider | 4 | |
59 total
» upgrades
| Ranged Weapons | 2 | |
| Armor | 2 | |
| Berserker Strength | 1 | |
| Melee Weapons | 2 | |
| Envenomed Spears | 1 | |
| Shaman Training | 2 | |
10 total
» buildings
| Altar of Storms | 2 | |
| Orc Burrow | 15 | |
| Voodoo Lounge | 2 | |
| War Mill | 3 | |
| Stronghold | 6 | |
| Watch Tower | 1 | |
| Beastiary | 4 | |
| Barracks | 3 | |
| Great Hall | 3 | |
| Fortress | 6 | |
| Spirit Lodge | 2 | |
| Tauren Totem | 2 | |
49 total
» build order
00:06 Altar of Storms
00:11 Orc Burrow
00:57 Voodoo Lounge
01:26 Orc Burrow
01:48 War Mill
03:06 Stronghold
03:07 Stronghold
03:29 Watch Tower
04:54 Orc Burrow
05:01 Orc Burrow
05:55 Beastiary
05:56 Beastiary
11:38 Barracks
12:40 Great Hall
12:41 Fortress
12:41 Fortress
13:09 Orc Burrow
14:13 Great Hall
15:44 Spirit Lodge
16:20 War Mill
17:28 Tauren Totem
17:44 Orc Burrow
18:16 Tauren Totem
18:20 Orc Burrow
18:51 Orc Burrow
19:42 Orc Burrow
21:04 Altar of Storms
22:02 Orc Burrow
22:05 Orc Burrow
22:07 Orc Burrow
23:05 War Mill
23:11 Stronghold
23:12 Stronghold
23:12 Stronghold
23:51 Orc Burrow
24:33 Great Hall
25:13 Barracks
25:16 Barracks
25:22 Orc Burrow
25:36 Fortress
25:42 Spirit Lodge
25:46 Beastiary
27:04 Voodoo Lounge
28:46 Orc Burrow
30:21 Beastiary
» items
| Healing Salve | 4 | |
| Lesser Clarity Potion | 5 | |
| Scroll of Town Portal | 1 | |
| Potion of Healing | 3 | |
| Potion of Mana | 2 | |
| Periapt of Vitality | 4 | |
| Scroll of Healing | 2 | |
| Orb of Corruption | 1 | |
22 total
team 2 (winner)
D3EndingIsSh1t (
purple | 83 APM | 3407 actions | 40:50)
10 Mountain King
3 Storm Bolt
3 Bash
1 Avatar
3 Thunder Clap
» actions
| Assign group hotkey | 100 | |
| Basic commands | 48 | |
| Build / train | 181 | |
| ESC pressed | 3 | |
| Enter build submenu | 65 | |
| Enter hero's abilities submenu | 13 | |
| Give item / drop item | 5 | |
| Right click | 1150 | |
| Select / deselect | 780 | |
| Select group hotkey | 906 | |
| Select subgroup | 3 | |
| Use ability | 153 | |
3407 total
» units
| Peasant | 17 | |
| Wisp | 30 | |
| Footman | 4 | |
| Rifleman | 19 | |
| Flying Machine | 26 | |
| Siege Engine | 5 | |
| Mortar Team | 3 | |
| Hippogryph | 2 | |
| Knight | 1 | |
107 total
» upgrades
| Plating | 4 | |
| Gunpowder | 3 | |
| Armor | 3 | |
| Masonry | 3 | |
| Long Rifles | 1 | |
| Lumber Harvesting | 2 | |
| Flak Cannons | 1 | |
| Flying Machine Bombs | 1 | |
| Barrage | 1 | |
| Nature's Blessing | 1 | |
| Ultravision | 1 | |
| Strength of the Wild | 1 | |
| Fragmentation Shards | 1 | |
| Flare | 1 | |
| Swords | 2 | |
| Animal War Training | 1 | |
27 total
» buildings
| Altar of Kings | 1 | |
| Farm | 10 | |
| Barracks | 2 | |
| Ancient of War | 1 | |
| Altar of Elders | 1 | |
| Blacksmith | 1 | |
| Arcane Vault | 1 | |
| Town Hall | 3 | |
| Ancient Protector | 11 | |
| Keep | 1 | |
| Scout Tower | 19 | |
| Lumber Mill | 1 | |
| Guard Tower | 13 | |
| Workshop | 2 | |
| Tree of Ages | 2 | |
| Castle | 1 | |
| Tree of Eternity | 1 | |
| Ancient of Wonders | 1 | |
| Tree of Life | 2 | |
| Moon Well | 3 | |
| Hunter's Hall | 1 | |
78 total
» build order
00:03 Altar of Kings
00:13 Farm
00:22 Barracks
01:04 Farm
01:19 Ancient of War
01:23 Altar of Elders
01:43 Blacksmith
02:27 Farm
03:15 Arcane Vault
03:23 Farm
04:09 Town Hall
04:33 Ancient Protector
04:35 Ancient Protector
04:51 Ancient Protector
04:54 Ancient Protector
05:49 Keep
06:11 Ancient Protector
06:42 Scout Tower
06:45 Lumber Mill
06:53 Scout Tower
07:08 Scout Tower
07:10 Scout Tower
07:22 Scout Tower
07:47 Guard Tower
07:50 Guard Tower
07:53 Guard Tower
08:18 Workshop
08:21 Workshop
08:36 Tree of Ages
08:59 Castle
09:43 Farm
11:17 Guard Tower
11:45 Guard Tower
12:02 Farm
12:08 Farm
15:38 Farm
15:40 Farm
16:17 Barracks
17:23 Tree of Eternity
17:44 Farm
18:46 Ancient of Wonders
19:18 Town Hall
19:19 Scout Tower
19:20 Scout Tower
19:22 Scout Tower
19:24 Scout Tower
19:55 Guard Tower
19:55 Guard Tower
22:05 Tree of Life
27:06 Town Hall
27:07 Scout Tower
27:08 Scout Tower
27:15 Scout Tower
27:17 Scout Tower
27:44 Guard Tower
27:47 Guard Tower
27:47 Guard Tower
27:48 Guard Tower
30:57 Moon Well
30:59 Moon Well
31:00 Tree of Ages
31:02 Moon Well
31:08 Hunter's Hall
33:21 Ancient Protector
33:25 Ancient Protector
36:08 Ancient Protector
36:09 Ancient Protector
36:12 Ancient Protector
36:13 Ancient Protector
36:24 Tree of Life
38:12 Scout Tower
38:13 Scout Tower
38:15 Scout Tower
38:17 Scout Tower
38:52 Guard Tower
40:30 Scout Tower
40:31 Scout Tower
» items
| Scroll of Regeneration | 3 | |
| Lesser Clarity Potion | 4 | |
| Ivory Tower | 2 | |
| Orb of Fire | 2 | |
| Scroll of Town Portal | 5 | |
| Mechanical Critter | 1 | |
17 total
Chief.Executive (
pink | 73 APM | 2986 actions | 40:49)
9 Mountain King
3 Storm Bolt
3 Bash
1 Avatar
2 Thunder Clap
9 Paladin
3 Holy Light
2 Divine Shield
3 Devotion Aura
1 Resurrection
5 Keeper of the Grove
3 Entangling Roots
1 Force of Nature
1 Thorns Aura
» actions
| Assign group hotkey | 44 | |
| Basic commands | 27 | |
| Build / train | 142 | |
| Enter build submenu | 50 | |
| Enter hero's abilities submenu | 25 | |
| Give item / drop item | 7 | |
| Right click | 897 | |
| Select / deselect | 541 | |
| Select group hotkey | 1045 | |
| Use ability | 208 | |
2986 total
» units
| Peasant | 31 | |
| Wisp | 4 | |
| Rifleman | 10 | |
| Gryphon Rider | 9 | |
| Dryad | 5 | |
| Hippogryph | 1 | |
| Druid of the Claw | 5 | |
| Mountain Giant | 2 | |
67 total
» upgrades
| Lumber Harvesting | 2 | |
| Long Rifles | 1 | |
| Gunpowder | 3 | |
| Armor | 2 | |
| Swords | 3 | |
| Animal War Training | 1 | |
| Storm Hammers | 1 | |
| Masonry | 3 | |
| Abolish Magic | 1 | |
| Druid of the Claw Training | 2 | |
| Hippogryph Taming | 1 | |
| Reinforced Hides | 1 | |
| Backpack | 2 | |
| Resistant Skin | 1 | |
| Hardened Skin | 1 | |
| Plating | 1 | |
| Mark of the Claw | 1 | |
27 total
» buildings
| Farm | 11 | |
| Altar of Kings | 1 | |
| Barracks | 1 | |
| Moon Well | 11 | |
| Lumber Mill | 1 | |
| Blacksmith | 1 | |
| Scout Tower | 4 | |
| Arcane Tower | 1 | |
| Keep | 2 | |
| Guard Tower | 3 | |
| Town Hall | 3 | |
| Altar of Elders | 3 | |
| Ancient of Wonders | 1 | |
| Castle | 1 | |
| Gryphon Aviary | 3 | |
| Arcane Vault | 1 | |
| Ancient of Lore | 2 | |
| Ancient of Wind | 1 | |
| Tree of Life | 1 | |
52 total
» build order
00:09 Farm
00:17 Altar of Kings
00:24 Barracks
00:32 Farm
01:46 Moon Well
02:04 Lumber Mill
02:14 Blacksmith
02:21 Farm
02:24 Farm
03:17 Scout Tower
03:31 Farm
03:49 Arcane Tower
04:43 Keep
04:47 Scout Tower
04:52 Scout Tower
04:57 Scout Tower
05:13 Farm
05:36 Guard Tower
05:38 Guard Tower
06:06 Guard Tower
07:37 Town Hall
09:44 Altar of Elders
09:48 Moon Well
09:53 Ancient of Wonders
10:29 Castle
11:50 Gryphon Aviary
12:10 Arcane Vault
12:48 Farm
12:51 Farm
12:53 Farm
13:13 Gryphon Aviary
13:25 Ancient of Lore
13:30 Ancient of Wind
13:36 Ancient of Lore
13:43 Moon Well
13:46 Moon Well
13:47 Moon Well
13:48 Moon Well
13:49 Moon Well
13:51 Moon Well
14:20 Gryphon Aviary
15:35 Farm
15:40 Farm
23:16 Town Hall
27:37 Moon Well
27:41 Altar of Elders
33:01 Town Hall
36:58 Moon Well
37:00 Moon Well
38:07 Keep
38:15 Altar of Elders
40:03 Tree of Life
» items
| Scroll of Regeneration | 5 | |
| Staff of Sanctuary | 2 | |
| Scroll of Town Portal | 3 | |
10 total
Javasar (
yellow | 48 APM | 1072 actions | 22:23)
2 Demon Hunter
1 Mana Burn
1 Immolation
» actions
| Build / train | 64 | |
| Enter build submenu | 30 | |
| Enter hero's abilities submenu | 3 | |
| Remove unit from queue | 7 | |
| Right click | 459 | |
| Select / deselect | 425 | |
| Use ability | 83 | |
1072 total
» units
| Wisp | 18 | |
| Archer | 10 | |
| Druid of the Talon | 19 | |
| Huntress | -1 | |
46 total
» upgrades
| Strength of the Wild | 1 | |
| Reinforced Hides | 2 | |
| Druid of the Talon Training | 2 | |
| Mark of the Talon | 1 | |
| Marksmanship | 1 | |
7 total
» buildings
| Moon Well | 6 | |
| Altar of Elders | 1 | |
| Ancient of War | 1 | |
| Hunter's Hall | 2 | |
| Tree of Ages | 2 | |
| Ancient Protector | 9 | |
| Ancient of Wind | 2 | |
| Tree of Life | 1 | |
| Tree of Eternity | 1 | |
| Ancient of Wonders | 1 | |
26 total
» build order
00:14 Moon Well
00:46 Altar of Elders
00:57 Ancient of War
01:52 Moon Well
02:23 Hunter's Hall
03:18 Moon Well
03:24 Tree of Ages
03:25 Tree of Ages
04:20 Hunter's Hall
05:41 Ancient Protector
05:42 Ancient Protector
05:45 Ancient Protector
05:49 Ancient Protector
05:52 Ancient Protector
06:30 Moon Well
07:33 Moon Well
08:35 Ancient of Wind
09:41 Tree of Life
10:16 Ancient Protector
11:06 Tree of Eternity
11:35 Moon Well
12:44 Ancient of Wind
14:16 Ancient of Wonders
17:44 Ancient Protector
17:46 Ancient Protector
17:52 Ancient Protector

»
crgH (
red | 0 APM | 0 actions | 40:50)
Chat log
(00:03 / Allies) Javasar: ....
(00:04 / All) Jesus_Loves_You: gg
(00:06 / All) D3EndingIsSh1t: We got a spic
(00:20 / Allies) Javasar: we can 3 man it
(00:25 / Allies) D3EndingIsSh1t: yeah
(00:29 / Allies) Javasar: ill get druids
(00:36 / Allies) D3EndingIsSh1t: which
(00:38 / Allies) D3EndingIsSh1t: dott or bear?
(00:40 / Allies) Javasar: talon
(00:44 / Allies) D3EndingIsSh1t: k
(00:50 / Allies) D3EndingIsSh1t: I will get rifles
(01:04 / Allies) Javasar: pink ?
(01:42 / Allies) Javasar: we can use red for towers
(01:50 / Allies) D3EndingIsSh1t: ok
(02:09 / All) Javasar: D
(02:09 / All) XDIVISIONX: lame game it is
(02:48 / Allies) D3EndingIsSh1t: why did you cancel the altar
(02:55 / Allies) Javasar: save hs resources for owers
(03:01 / Allies) Javasar: towers
(04:38 / Allies) Javasar: help
(04:44 / Allies) D3EndingIsSh1t: yep omw
(06:15 / All) D3EndingIsSh1t: gtfo
(07:13 / All) D3EndingIsSh1t: gtfo
(08:15 / Allies) Javasar: wood please
(09:12 / Allies) Javasar: theyre creeping
(09:20 / Allies) D3EndingIsSh1t: take an expo yellow
(09:30 / Allies) Javasar: i need wood
(11:56 / Allies) Chief.Executive: LUMBER ME
(13:18 / All) D3EndingIsSh1t: get off of dsl
(20:12 / Allies) Javasar: tp
(21:49 / Allies) D3EndingIsSh1t: pink didn't tp
(23:27 / Allies) D3EndingIsSh1t: we lost
(25:08 / Allies) D3EndingIsSh1t: where should we hit?
(25:17 / Allies) D3EndingIsSh1t: k
(26:56 / Allies) D3EndingIsSh1t: got every wyrm
(27:05 / Allies) Chief.Executive: go there now
(27:11 / Allies) D3EndingIsSh1t: omw
(28:35 / Allies) D3EndingIsSh1t: got the expo
(31:41 / Allies) D3EndingIsSh1t: lol
(33:02 / Allies) D3EndingIsSh1t: gj
(33:04 / Allies) D3EndingIsSh1t: i am shocked we won tbh
(33:05 / All) D3EndingIsSh1t: gg
(33:26 / Allies) Chief.Executive: lol
(33:27 / Allies) Chief.Executive: gg
(33:29 / Allies) D3EndingIsSh1t: yeah gg
(33:37 / Allies) D3EndingIsSh1t: i love how he said gg at the start and now is eating shit
(38:04 / All) D3EndingIsSh1t: gg
(38:07 / All) D3EndingIsSh1t: eat shit, pre-emptive ggers
(38:48 / All) D3EndingIsSh1t: bye
(39:33 / All) D3EndingIsSh1t: that increases magic dmg
(39:36 / All) D3EndingIsSh1t: btw